 Dungeon Crawl Stone Soup version 0.30-a0-782-ge64f9170bb (webtiles) character file.

Game seed: 10118748372642760144

70 Barriton the Gusty (level 4, -1/33 HPs)
             Began as a Draconian Air Elementalist on Feb 28, 2023.
             Slain by an orc priest
             ... wielding a +0 hand axe
              (4 damage)
             ... on level 2 of the Dungeon.
             The game lasted 00:02:34 (1920 turns).

Barriton the Gusty (Draconian Air Elementalist)     Turns: 1920, Time: 00:02:35

Health: -1/33      AC:  5    Str: 11    XL:     4   Next: 3%
Magic:  3/8        EV: 12    Int: 17    God:
Gold:   29         SH:  0    Dex: 11    Spells: 5/8 levels left

rFire   . . .      SeeInvis .    (no weapon)
rCold   . . .      Faith    .    (no shield)
rNeg    . . .      Spirit   .    (body armour unavailable)
rPois   .          Reflect  .    (helmet restricted)
rElec   .          Harm     .    (no cloak)
rCorr   .          Rampage  .    (no gloves)
Will    .....                    (no boots)
Stlth   ++                       (no amulet)
HPRegen 0.25/turn                (no ring)
MPRegen 0.11/turn                (no ring)

@: very slightly contaminated
A: AC +5, unfitting armour, cold-blooded
a: no special abilities


You were on level 2 of the Dungeon.
You visited 1 branch of the dungeon, and saw 2 of its levels.

You collected 29 gold pieces.

Inventory:

Jewellery
 d - a +6 ring of dexterity
Scrolls
 b - a scroll of enchant armour
 c - a scroll of fog {unknown}
Potions
 e - a potion of curing
 f - 2 potions of resistance {unknown}
 g - a potion of brilliance {unknown}
 h - a potion of cancellation {unknown}


   Skills:
 + Level 2.0 Dodging
 + Level 2.0 Stealth
 + Level 0.8 Unarmed Combat
 + Level 2.7 Spellcasting
 + Level 1.6 Conjurations
 + Level 3.7 Air Magic


You had 5 spell levels left.
You knew the following spells:

 Your Spells              Type           Power      Damage    Failure   Level
a - Shock                 Conj/Air       44%        1d5       6%          1
b - Static Discharge      Conj/Air       22%        2-3/arc   9%          2

Your spell library contained the following spells:

 Spells                   Type           Power      Damage    Failure   Level
 Swiftness                Air            15%        N/A       12%         3
 Airstrike                Air            7%         2d(2-18)  36%         4


Dungeon Overview and Level Annotations

Branches:
Dungeon (2/15)

Altars:


Innate Abilities, Weirdness & Mutations

Your plain brown scales are hard. (AC +5)
You cannot fit into any form of body armour.
You are cold-blooded and may be slowed by cold attacks.


Message History

Aiming: Shock (safe; 6% risk of failure)
Press: ? - help, Shift-Dir - straight line, f - orc priest
Aim: an orc priest, wielding a +0 hand axe and wearing a +0 leather armour (68% to hit)
You miscast Shock.
You are very lightly contaminated with residual magic.
Nothing appears to happen.
Casting: Shock (safe; 6% risk of failure)
Confirm with . or Enter, or press ? or * to list all spells.
Aiming: Shock (safe; 6% risk of failure)
Press: ? - help, Shift-Dir - straight line, f/p - orc priest
Aim: an orc priest, wielding a +0 hand axe and wearing a +0 leather armour (68% to hit)
The zap misses the orc priest.
Casting: Shock (safe; 6% risk of failure)
Confirm with . or Enter, or press ? or * to list all spells.
Aiming: Shock (safe; 6% risk of failure)
Press: ? - help, Shift-Dir - straight line, f/p - orc priest
Aim: an orc priest, wielding a +0 hand axe and wearing a +0 leather armour (68% to hit)
The zap misses the orc priest.
Casting: Shock (safe; 6% risk of failure)
Confirm with . or Enter, or press ? or * to list all spells.
Aiming: Shock (safe; 6% risk of failure)
Press: ? - help, Shift-Dir - straight line, f/p - orc priest
Aim: an orc priest, wielding a +0 hand axe and wearing a +0 leather armour (68% to hit)
The zap hits the orc priest.
The orc priest is lightly wounded.
Something hits you but does no damage. The orc completely misses you.
The orc priest hits you with a +0 hand axe.
Casting: Shock (safe; 6% risk of failure)
Confirm with . or Enter, or press ? or * to list all spells.
Aiming: Shock (safe; 6% risk of failure)
Press: ? - help, Shift-Dir - straight line, f/p - orc priest
Aim: an orc priest, wielding a +0 hand axe and wearing a +0 leather armour (lightly wounded, 68% to hit)
The zap hits the orc priest.
The orc priest is lightly wounded.
Something hits you.
* * * LOW HITPOINT WARNING * * *
The orc hits you with a +0 hand axe.
* * * LOW HITPOINT WARNING * * *
The orc priest hits you with a +0 hand axe.
You die...

#. #.# #.#######.#
#.......#.#
#.......'.# .#
#.......####
..###.#+#.......
#.....#.#.######
######....#.#.##....
#..@........#....###
#.o.o.###......###
....
#.....####....##
.....+..........>..#
....#.....#####...#
...#...### #†..#
#...#.# #...#
##..#'## #...#
#.....# #...######


You could see an orc priest and an orc.

Vanquished Creatures
  A gnoll (D:1)
  A worm (D:2)
  4 dart slugs (D:1)
  2 orcs (D:2)
  5 ball pythons
  A giant cockroach (D:2)
  3 goblins (D:1)
  5 hobgoblins
  2 jackals (D:2)
  3 quokkas
  5 bats
  2 frilled lizards
  6 kobolds
  5 rats
45 creatures vanquished.

Notes
Turn   | Place    | Note
-------+----------+-------------------------------------------
     0 | D:1      | Barriton the Draconian Air Elementalist began the quest for
                  | the Orb.
     0 | D:1      | Reached XP level 1. HP: 14/14 MP: 3/3
   181 | D:1      | Reached XP level 2. HP: 20/20 MP: 1/5
   669 | D:1      | Reached XP level 3. HP: 26/26 MP: 3/6
  1666 | D:2      | Learned a level 2 spell: Static Discharge
  1889 | D:2      | Reached XP level 4. HP: 33/33 MP: 5/8
  1920 | D:2      | Slain by an orc priest

Illustrated notes

Levels and vault maps discovered:
D:1:      dpeg_arrival_houses_and_road, layout_loops_ring,
          minmay_splitting_lines
D:2:      cheibrodos_pilgrimage, layout_basic, serial_shops, shop, basic_altar

Skill      XL: |  1  2  3 |
---------------+----------+-----
Stealth        | 2 |  2.0
Dodging        | 2 |  2.0
Unarmed Combat | |  0.8
Spellcasting   | |  2.7
Conjurations   | |  1.6
Air Magic      | |  3.7

Action                     |  1- 3 |  4- 6 || total
---------------------------+-------+-------++-------
  Melee: Unarmed           |    36 |     1 ||    37
         Tailslap          |     1 |       ||     1
         Punch             |     1 |       ||     1
   Cast: Shock             |    85 |    10 ||    95
    Use: Scroll            |     2 |       ||     2
         Potion            |       |     1 ||     1
 Armour: Skin              |    11 |     1 ||    12
  Dodge: Dodged            |    35 |     2 ||    37

Table legend: (Time is in decaauts)
 A = Elapsed time spent in this place.
 B = Non-inter-level travel time spent in this place.
 C = Inter-level travel time spent in this place.
 D = Time resting spent in this place.
 E = Time spent auto-exploring this place.
 F = Levels seen in this place.
 G = Mean time per level.
                   A        B        C        D        E       F      G
               +--------+--------+--------+--------+--------+-----+--------+
         Total |   1919 |   1882 |     37 |      0 |   1622 |   2 |  959.5 |
       Dungeon |   1919 |   1882 |     37 |      0 |   1622 |   2 |  959.5 |
               +--------+--------+--------+--------+--------+-----+--------+

Top non-repeatable levels by time:
     D:1: 1298 daAuts
     D:2: 620 daAuts
